 Dungeon Crawl Stone Soup version 0.26-a0-800-g517d6fe721 (webtiles) character file.

Game seed: 10240399493675057047

28 ahrsahrtis the Vandal (level 3, 0/24 HPs)
             Began as a Halfling Hunter on Nov 11, 2020.
             Was an Initiate of Makhleb.
             Succumbed to an adder's poison
             ... on level 2 of the Dungeon.
             The game lasted 00:02:35 (419 turns).

ahrsahrtis the Vandal (Halfling Hunter)              Turns: 419, Time: 00:02:36

Health: 0/24       AC:  3    Str: 13    XL:     3   Next: 30%
Magic:  3/3        EV: 15    Int:  9    God:    Makhleb [......]
Gold:   8          SH:  0    Dex: 15    Spells: 2/2 levels left

rFire    . . .     SeeInvis .   b - +0 short sword
rCold    . . .     Faith    .   (shield restricted)
rNeg     . . .     Spirit   .   c - +0 leather armour
rPois    .         Reflect  .   (no helmet)
rElec    .         Harm     .   (no cloak)
rCorr    .         Rampage  .   (no gloves)
MR       .....                  (no boots)
Stlth    ++........             (no amulet)
HPRegen  0.08/turn              (no ring)
MPRegen  0.08/turn              (no ring)

@: lethally poisoned (0 -> -3), very slightly contaminated, invisible
A: small, mutation resistance 1
a: Renounce Religion


You were on level 2 of the Dungeon.
You worshipped Makhleb.
Makhleb was noncommittal.
You visited 1 branch of the dungeon, and saw 2 of its levels.

You collected 8 gold pieces.

Inventory:

Hand Weapons
 a - a +1 hunting sling
 b - a +0 short sword (weapon)
 h - a +0 short sword
Missiles
 d - 15 sling bullets
 g - a stone (quivered)
Armour
 c - a +0 leather armour (worn)
Jewellery
 j - an uncursed ring of flight
Scrolls
 i - a scroll of identify


   Skills:
 + Level 2.1 Fighting
 + Level 1.2 Short Blades
 + Level 6.1 Slings
 + Level 2.6 Dodging
 + Level 1.8 Stealth


You had 2 spell levels left.
You didn't know any spells.
Your spell library was empty.

Dungeon Overview and Level Annotations

Branches:
Dungeon (1/15)

Altars:
Makhleb


Innate Abilities, Weirdness & Mutations

You are small and have problems with some larger weapons.
You are somewhat resistant to further mutation.


Message History

* * * LOW HITPOINT WARNING * * *
You feel sick.
It was a potion of invisibility.
You fade into invisibility!
The adder misses you. x2
You are very lightly contaminated with residual magic.
* * * LOW HITPOINT WARNING * * *
You feel sick.
* * * LOW HITPOINT WARNING * * *
You feel sick.
* * * LOW HITPOINT WARNING * * *
You feel sick.
* * * LOW HITPOINT WARNING * * *
You feel sick.
* * * LOW HITPOINT WARNING * * *
You feel sick.
You aren't carrying any potions.
As you read the scroll labelled MOMUCL BIMP, it crumbles to dust.
You feel blessed for a moment.
It was a scroll of remove curse.
You die...

......###.#
##########....#
#####..#..#
#............# #
##...#
#.#########.## ##.##
#.# ##.## #..# #.#
#..# ##.# ##.# #.#.#
.# #..# ##'### .#
#.## ##...## .# #@##
##.....## $#
##.#.######.......#
........##.........
.........'.........
.##....#.##......>..
#.
#.#.##.###.......# #
#..###.# ##.....##
##.###.#####...## #
#.......# #'##


There were no monsters in sight!

Vanquished Creatures
  2 adders (D:2)
  A worm (D:2)
  A bat (D:2)
  A goblin (D:2)
  A hobgoblin (D:2)
  2 quokkas (D:2)
  A kobold (D:2)
9 creatures vanquished.

Notes
Turn   | Place    | Note
-------+----------+-------------------------------------------
     0 | D:1      | ahrsahrtis the Halfling Hunter began the quest for the Orb.
     0 | D:1      | Reached XP level 1. HP: 14/14 MP: 1/1
    28 | D:1      | You fall into a shaft and drop 1 floor!
    74 | D:2      | Reached XP level 2. HP: 19/19 MP: 2/2
   169 | D:2      | Reached skill level 1 in Short Blades
   169 | D:2      | Reached skill level 6 in Slings
   197 | D:2      | Found a burning altar of Makhleb.
   219 | D:2      | Became a worshipper of Makhleb the Destroyer
   337 | D:2      | Reached XP level 3. HP: 24/24 MP: 3/3
   415 | D:2      | HP: 1/24 [poisoned by an adder]
   419 | D:2      | Succumbed to an adder's poison

Illustrated notes

Levels and vault maps discovered:
D:1:      ncdulo_smallfort, layout_loops_ring
D:2:      layout_loops_corners, bloody_makhleb

Skill      XL: |  1  2 |
---------------+-------+-----
Fighting       | 2 |  2.1
Short Blades   | 1 |  1.2
Slings         | 6 |  6.1
Dodging        | |  2.6
Stealth        | |  1.8

Action                   || total
-------------------------++-------
Melee: Short sword       ||    11
 Fire: Hunting sling     ||    22
  Use: Scroll            ||     3
       Potion            ||     1
Armor: Leather armour    ||     2
Dodge: Dodged            ||    11

Table legend: (Time is in decaauts)
 A = Elapsed time spent in this place.
 B = Non-inter-level travel time spent in this place.
 C = Inter-level travel time spent in this place.
 D = Time resting spent in this place.
 E = Time spent auto-exploring this place.
 F = Levels seen in this place.
 G = Mean time per level.
                   A        B        C        D        E       F      G
               +--------+--------+--------+--------+--------+-----+--------+
         Total |    414 |    414 |      0 |      0 |    281 |   2 |  207.0 |
       Dungeon |    414 |    414 |      0 |      0 |    281 |   2 |  207.0 |
               +--------+--------+--------+--------+--------+-----+--------+

Top non-repeatable levels by time:
     D:2: 386 daAuts
     D:1: 28 daAuts
